 Dungeon Crawl Stone Soup version 0.16.2-3-ga078185 (webtiles) character file.

1971 gorblad the Nimble (level 9, -7/66 HPs)
             Began as a Vampire Chaos Knight on Sept 8, 2015.
             Mangled by an orc warrior
             ... wielding a +0 halberd
              (19 damage)
             ... on level 7 of the Dungeon.
             The game lasted 00:30:45 (8795 turns).

gorblad the Nimble (Vampire Chaos Knight)           Turns: 8795, Time: 00:30:45

Health: -7/66      AC:  8    Str: 16    XL:     9   Next: 0%
Magic:  9/9        EV: 17    Int: 14    God:    Xom [*.....]
Gold:   333        SH:  4    Dex: 15    Spells: 0 memorised, 8 levels left

rFire  + + .     SeeInvis +     a - +0 whip
rCold  . . .     Clarity  .     k - +2 robe {MR+}
rNeg   + . .     SustAb   .     j - +0 buckler
rPois  +         Gourm    .     (helmet restricted)
rElec  .         Spirit   .     (no cloak)
rCorr  .         Warding  .     g - +1 pair of gloves
rMut   .         Stasis   .     l - +1 pair of boots
MR     +....                    (no amulet)
Stlth  ++++......               v - ring "Tweklar" {rPois rF++ Str+4 Dex-2 SInv}
                                f - +4 ring of dexterity

@: about to teleport, somewhat resistant to hostile enchantments, stealthy
A: bottle blood, antennae 2, fangs 3, see invisible, spit poison 1, weak 1,
unbreathing
a: Spit Poison, Bat Form, Renounce Religion


You were on level 7 of the Dungeon.
You worshipped Xom.
You were a special plaything of Xom.
You were not thirsty.

You visited 1 branch of the dungeon, and saw 7 of its levels.

You collected 333 gold pieces.

Inventory:

Hand weapons
 a - a +0 whip (weapon)
 u - a +1 long sword of venom
 x - a +0 scythe of protection
Missiles
 w - 9 tomahawks (quivered)
Armour
 b - a +2 leather armour
 g - a +1 pair of gloves (worn)
 j - a +0 buckler (worn)
 k - a +2 robe of magic resistance (worn)
 l - a +1 pair of boots (worn)
 y - a +0 leather armour
Jewellery
 f - a +4 ring of dexterity (left hand)
 h - an uncursed ring of magical power
 p - an uncursed ring of protection from cold
 v - the ring "Tweklar" (right hand) {rPois rF++ Str+4 Dex-2 SInv}
   (You found it on level 5 of the Dungeon)

   [ring of poison resistance]

   It affects your strength (+4).
   It affects your dexterity (-2).
   It greatly protects you from fire.
   It protects you from poison.
   It enhances your eyesight.
 E - a -2 ring of intelligence
Magical devices
 t - a wand of random effects (18)
 A - a wand of paralysis (6)
Scrolls
 e - 3 scrolls of blinking
 n - a scroll of fog
 o - 2 scrolls of recharging
 r - 3 scrolls of amnesia
 C - 4 scrolls of remove curse
 D - 2 scrolls of identify
Potions
 c - 9 potions of blood
 d - a potion of ambrosia {unknown}
 i - 3 potions of curing
 m - a potion of brilliance
 q - 2 potions of agility {unknown}
 s - a potion of might {unknown}
 z - 3 potions of poison {unknown}
 F - a potion of degeneration {unknown}


   Skills:
 + Level 4.7 Fighting
   Level 6.6 Short Blades
 + Level 1.0 Throwing
 + Level 1.0 Armour
 + Level 8.5 Dodging
 + Level 7.0 Stealth
 + Level 2.5 Shields
 + Level 0.4 Evocations


You had 8 spell levels left.
You didn't know any spells.

Dungeon Overview and Level Annotations

Branches:
Dungeon (7/15)             Temple (0/1) D:7

Altars:
Ashenzari
Cheibriados
Dithmenos
Makhleb
Ru
Trog
Vehumet
Xom
The Shining One

Shops:
D:6 [

Annotations:
D:7 Appriser's ghost, experienced HuFi


Innate Abilities, Weirdness & Mutations

You can bottle blood from corpses.
You have razor-sharp teeth.
You have supernaturally acute eyesight.
You can survive without breathing.
You have a pair of antennae on your head.
You can spit poison.
You are weak. (Str -2)


Message History

You hit the orc but do no damage. You bite the orc.
The orc is moderately wounded.
The orc warrior completely misses you.
You hit the orc wizard.
The orc wizard is lightly wounded.
The orc warrior hits you from afar with a halberd!!
* * * LOW HITPOINT WARNING * * *
The orc wizard hits you with a dagger.
* * * LOW HITPOINT WARNING * * *
You are too injured to fight recklessly!
You are too injured to fight recklessly!
You feel better. The orc warrior misses you.
The orc wizard mumbles some strange words.
The orc wizard flickers and vanishes for a moment.
As you read the scroll of teleportation, it crumbles to dust.
You feel strangely unstable.
The orc wizard hits you but does no damage.
The orc warrior hits you from afar with a halberd!!
You die...
Xom chuckles heartily!

{ { .... #### #..#
##..###### #..#
#......^.#####..#
#..>####.##.....###.#
#...# #.##.#o......#
###...####.##..oo#
#..........###.#o#
..#......### #.#@#
..#.#.##.# #{#.#
..#.#.##.#####.#.#
#.#.#.##.........#
.................#
.#####.#######.### .#
#...#####.###########
.#
#.#..##.............#
.#
##.##.##.###########.#


You could see an orc warrior, an orc wizard (invisible) and 2 orcs.

Vanquished Creatures
  Prince Ribbit (D:6)
  A soldier ant (D:7)
  A centaur (D:7)
  An orc warrior (D:6)
  A phantom (D:6)
  An ogre (D:7)
  Sigmund (D:3)
  2 giant frogs
  A gnoll sergeant (D:5)
  2 scorpions (D:6)
  2 crimson imps
  A giant frog skeleton (D:6)
  An iron imp (D:7)
  2 goliath beetles
  A centaur skeleton (D:6)
  A hound (D:6)
  4 orc priests
  A quasit (D:6)
  2 worker ants (D:4)
  6 orc wizards
  A hound skeleton (D:4)
  Robin (D:4)
  7 adders
  10 gnolls
  2 river rats (D:6)
  A giant mite (D:5)
  5 shadow imps
  4 worms
  An ufetubus (D:7)
  4 adder skeletons
  5 giant geckos
  2 oozes (D:4)
  25 orcs
  14 bats
  3 bat skeletons
  6 giant cockroaches
  A gnoll zombie (D:5)
  18 goblins
  13 hobgoblins
  11 jackals
  3 quokkas
  3 ball pythons
  5 giant newts
  9 kobolds
  10 rats
  A butterfly (D:2)
198 creatures vanquished.

Vanquished Creatures (collateral kills)
  An orc (D:3)
1 creature vanquished.

Vanquished Creatures (others)
  A quokka (D:5)
  A goblin zombie (D:5)
2 creatures vanquished.

Grand Total: 201 creatures vanquished

Notes
Turn   | Place    | Note
--------------------------------------------------------------
     0 | D:1      | gorblad, the Vampire Chaos Knight, began the quest for the Orb.
     0 | D:1      | Reached XP level 1. HP: 17/17 MP: 1/1
    89 | D:1      | XOM: divination: detect creatures
   110 | D:1      | XOM: butterfly on damage
   112 | D:1      | XOM: divination: magic mapping
   274 | D:1      | XOM: harmless Air miscast
   331 | D:1      | Reached XP level 2. HP: 23/23 MP: 2/2
   409 | D:1      | XOM: harmless Fire miscast
   994 | D:2      | XOM: divination: detect items
   997 | D:2      | XOM: colour smoke trail
  1186 | D:2      | XOM is BORED!
  1186 | D:2      | XOM: medium Fire miscast
  1250 | D:2      | XOM: scenery: 1 doors close
  1599 | D:2      | Reached skill level 4 in Short Blades
  1602 | D:2      | Reached XP level 3. HP: 25/28 MP: 3/3
  1691 | D:2      | Found a glowing golden altar of the Shining One.
  1931 | D:2      | XOM: give mutation
  1931 | D:2      | Gained mutation: You can spit poison. [Xom's grace]
  2042 | D:2      | XOM: scenery: create altars
  2046 | D:2      | XOM is BORED!
  2046 | D:2      | XOM: medium Air miscast
  2392 | D:2      | Found a shimmering altar of Xom.
  2518 | D:2      | XOM: enchant monster (bad)
  2519 | D:2      | XOM: fake destruction
  2589 | D:3      | XOM: swap monsters
  2590 | D:3      | Reached XP level 4. HP: 26/35 MP: 4/4
  2593 | D:3      | Reached skill level 1 in Armour
  2637 | D:3      | XOM: 2-stop teleportation journey
  2697 | D:3      | XOM: polymorph quokka -> kobold
  2820 | D:3      | XOM: give mutation
  2820 | D:3      | Gained mutation: You have a pair of small antennae on your head. [Xom's grace]
  2885 | D:3      | XOM: harmless Tloc miscast
  2953 | D:3      | Noticed Sigmund
  2961 | D:3      | XOM: confuse monster(s)
  2979 | D:3      | Killed Sigmund
  2979 | D:3      | Reached skill level 1 in Stealth
  2979 | D:3      | Reached XP level 5. HP: 39/41 MP: 5/5
  3313 | D:3      | Reached skill level 5 in Short Blades
  3507 | D:3      | XOM: summons friendly white imp
  3511 | D:3      | Reached XP level 6. HP: 48/48 MP: 6/6
  3569 | D:4      | Reached skill level 1 in Shields
  3575 | D:4      | Noticed Robin
  3585 | D:4      | Killed Robin
  3585 | D:4      | Reached skill level 1 in Throwing
  3689 | D:4      | XOM: give mutations
  3689 | D:4      | Gained mutation: You are weak. (Str -2) [Xom's mischief]
  3689 | D:4      | Gained mutation: You have a pair of antennae on your head. [Xom's mischief]
  4015 | D:4      | Found a radiant altar of Vehumet.
  4041 | D:4      | XOM: harmless Divn miscast
  4202 | D:4      | XOM: silly message
  4210 | D:4      | Reached skill level 5 in Dodging
  4305 | D:4      | XOM: vitrification
  4329 | D:5      | Entered Level 5 of the Dungeon
  4423 | D:5      | Got a heavily runed copper ring
  4448 | D:5      | Found a shadowy altar of Dithmenos.
  4477 | D:5      | XOM: cast spell 'Summon Small Mammal'
  4684 | D:5      | Reached XP level 7. HP: 48/54 MP: 7/7
  4902 | D:5      | XOM: harmless Conj miscast
  5136 | D:5      | Found a bloodstained altar of Trog.
  5136 | D:5      | Found a burning altar of Makhleb.
  5490 | D:5      | XOM: stat loss: -1 Str (10/11)
  5980 | D:6      | XOM: potion effect (invisibility)
  5981 | D:6      | Reached skill level 6 in Dodging
  6030 | D:6      | XOM: mild Ice miscast
  6121 | D:6      | Noticed Prince Ribbit
  6130 | D:6      | XOM: enchant monster (bad)
  6144 | D:6      | Killed Prince Ribbit
  6144 | D:6      | Reached XP level 8. HP: 48/60 MP: 8/8
  6180 | D:6      | Reached skill level 7 in Dodging
  6245 | D:6      | Found Qulamoinio's Antique Armour Shop.
  6311 | D:6      | Reached skill level 5 in Stealth
  6365 | D:6      | XOM: harmless Divn miscast
  6380 | D:6      | Found a shattered altar of Ashenzari.
  6384 | D:6      | XOM: smoke on damage
  6388 | D:6      | XOM: enchant monster (bad)
  6411 | D:6      | XOM: enchant monster (bad)
  6567 | D:6      | XOM: smoke on damage
  6773 | D:6      | XOM: stat loss: -1 Int (13/14)
  6796 | D:6      | XOM: noise
  6826 | D:6      | XOM: colour smoke trail
  6870 | D:6      | XOM: summons 2 hostile demons
  7018 | D:6      | XOM: medium Erth miscast
  7867 | D:7      | Identified the ring "Tweklar" {rPois rF++ Str+4 Dex-2 SInv} (You found it on level 5 of the Dungeon)
  7881 | D:7      | Noticed Appriser's ghost (experienced HuFi)
  7911 | D:7      | Reached skill level 8 in Dodging
  7961 | D:7      | XOM: medium Erth miscast
  8137 | D:7      | Found a snail-covered altar of Cheibriados.
  8287 | D:7      | Found a staircase to the Ecumenical Temple.
  8435 | D:7      | Found a sacrificial altar of Ru.
  8458 | D:7      | Found a glowing golden altar of the Shining One.
  8578 | D:7      | XOM: summons 4 hostile demons
  8709 | D:7      | Reached XP level 9. HP: 57/66 MP: 9/9
  8787 | D:7      | XOM: swap weapons
  8793 | D:7      | HP: 3/66 [orc wizard/dagger (5)]
  8795 | D:7      | Mangled by an orc warrior

Action                   |  1- 3 |  4- 6 |  7- 9 || total
-------------------------+-------+-------+-------++-------
Melee: Short sword       |   120 |   287 |   577 ||   984
       Whip              |       |       |     6 ||     6
Throw: Tomahawk          |       |    12 |     1 ||    13
 Abil: Spit Poison       |       |       |     2 ||     2
Evoke: Wand              |       |       |     1 ||     1
  Use: Potion            |     4 |     1 |    10 ||    15
       Scroll            |     1 |    10 |     3 ||    14
 Stab: Sleeping          |     1 |     3 |     6 ||    10
       Paralysed         |     1 |     3 |     4 ||     8
       Distracted        |     1 |     1 |     1 ||     3
       Confused          |       |     2 |     1 ||     3
       Petrifying        |       |     3 |     3 ||     6
       Invisible         |       |       |     1 ||     1
       Petrified         |       |       |     4 ||     4
  Eat: Corpse            |     2 |     5 |     5 ||    12
